 Dungeon Crawl Stone Soup version 0.30-a0-591-g3c58d2bc28 (webtiles) character file.

Game seed: 8829212172692831896

58 ryw the Grave Robber (level 4, -3/36 HPs)
             Began as a Hill Orc Necromancer on Jan 5, 2023.
             Succumbed to a goblin's curare-tipped dart
             ... on level 2 of the Dungeon.
             The game lasted 00:06:17 (1994 turns).

ryw the Grave Robber (Hill Orc Necromancer)         Turns: 1994, Time: 00:06:18

Health: -3/36      AC:  2    Str: 10    XL:     4   Next: 1%
Magic:  2/7        EV: 12    Int: 17    God:
Gold:   100        SH:  0    Dex: 11    Spells: 3/7 levels left

rFire   . . .      SeeInvis .    c - staff of death
rCold   . . .      Faith    .    (no shield)
rNeg    + . .      Spirit   .    a - +0 robe
rPois   .          Reflect  .    (no helmet)
rElec   .          Harm     .    (no cloak)
rCorr   .          Rampage  .    (no gloves)
Will    .....                    (no boots)
Stlth   ++                       (no amulet)
HPRegen 0.26/turn                (no ring)
MPRegen 0.10/turn                (no ring)

@: mighty, lethally poisoned (-3 -> -13), slowed, very slow
A: no striking features
a: no special abilities


You were on level 2 of the Dungeon.
You visited 1 branch of the dungeon, and saw 2 of its levels.

You collected 100 gold pieces.

Inventory:

Hand Weapons
 e - a +2 dagger of protection
 f - a +2 dagger of venom
Armour
 a - a +0 robe (worn)
 d - a +2 pair of gloves
Magical Staves
 c - a staff of death (weapon)
Scrolls
 l - a scroll of poison
Potions
 b - 2 potions of magic


   Skills:
 * Level 2.0 Fighting
 + Level 1.8 Dodging
 - Level 1.5 Stealth
 + Level 2.0 Spellcasting
 + Level 4.5 Necromancy
 + Level 0.8 Evocations


You had 3 spell levels left.
You knew the following spells:

 Your Spells              Type           Power      Damage    Failure   Level
a - Necrotise             Necr           100%       1d9       3%          1
b - Vampiric Draining     Necr           25%        2d7       9%          3

Your spell library contained the following spells:

 Spells                   Type           Power      Damage    Failure   Level
 Sandblast                Erth           2%         2d4       19%         1
 Passwall                 Tmut/Erth      0%         N/A       28%         2
 Stone Arrow              Conj/Erth      2%         3d7       50%         3
 Animate Dead             Necr           25%        N/A       30%         4
 Agony                    Necr           25%        N/A       63%         5


Dungeon Overview and Level Annotations

Branches:
Dungeon (2/15)

Altars:

Shops:
D:2 [

Annotations:
D:2 Robin


Message History

Your bat skeleton closely misses the goblin.
Your bat skeleton closely misses the goblin. x2
The goblin throws a curare-tipped dart.
The curare-tipped dart barely misses your bat skeleton.
The curare-tipped dart hits you.
You are poisoned.
You have difficulty breathing.
You feel yourself slow down.
The goblin closely misses your goblin skeleton.
Your goblin skeleton closely misses the goblin.
Your bat skeleton closely misses the goblin.
You feel extremely sick.
Your bat skeleton misses the goblin.
Your bat skeleton hits the goblin.
Your bat skeleton closely misses the goblin.
The goblin hits your bat skeleton with a +0 club.
Your bat skeleton is destroyed!
The goblin hits your goblin skeleton with a +0 dagger.
Your goblin skeleton is destroyed!
The goblin throws a curare-tipped dart.
The curare-tipped dart hits you.
You are lethally poisoned!
You have difficulty breathing.
You feel as though you will be slow longer.
Casting: Necrotise (safe; 3% risk of failure)
Confirm with . or Enter, or press ? or * to list all spells.
Aiming: Necrotise (safe; 3% risk of failure)
Press: ? - help, Shift-Dir - straight line, f - goblin, p - goblin
Aim: a goblin, wielding a +0 dagger (moderately wounded, chance to affect: 93%)
You feel a surge of power!
The goblin writhes in agony!
You kill the goblin!
The dead are walking!
You feel extremely sick.
You have reached level 4!
It was a potion of might.
You feel very mighty all of a sudden.
* * * LOW HITPOINT WARNING * * *
You feel very sick. The goblin hits you with a +0 club.
* * * LOW HITPOINT WARNING * * *
The goblin closely misses you.
You swap places.
You die...

.....##.# #.###.### #Z#.#.#.#
####..#.# #.##(.# #.......###
##.#.###.##.#########.#......
#.#......g.............#.##
#..##...####.#.##......#
######.#..#.##...#.##.##.########
......>..##.##.#g#.##. #.........
######......##.#Z#.##.##.#######.
#.#######.#@#.##........# #.
#.#######.#.#.#####.###.###.
#...........................
#.#######.#.#.#####.###.###.
#.........#.#.....g.........
#.#########.#########.#.#.#. #.#
#...........#...## .#
#.#########.######### ##### .#
#..................


You could see a goblin (ally target) and a friendly goblin skeleton.

Vanquished Creatures
  An adder (D:2)
  A worm (D:2)
  2 dart slugs (D:1)
  4 bats
  4 endoplasms
  A giant cockroach (D:2)
  7 goblins
  2 hobgoblins
  3 jackals
  5 kobolds
  A quokka (D:1)
  3 ball pythons
  3 rats
37 creatures vanquished.

Notes
Turn   | Place    | Note
-------+----------+-------------------------------------------
     0 | D:1      | ryw the Hill Orc Necromancer began the quest for the Orb.
     0 | D:1      | Reached XP level 1. HP: 14/14 MP: 3/3
   159 | D:1      | Reached XP level 2. HP: 20/20 MP: 0/4
   606 | D:1      | Found a faded altar of an unknown god.
   764 | D:2      | Reached skill level 1 in Fighting
   823 | D:2      | Reached XP level 3. HP: 23/28 MP: 0/5
   827 | D:2      | Learned a level 3 spell: Vampiric Draining
  1497 | D:2      | Noticed Robin
  1898 | D:2      | Found Woawatwi's Armour Shoppe.
  1993 | D:2      | Reached XP level 4. HP: 11/36 MP: 2/7
  1993 | D:2      | HP: 1/36 [goblin/+0 club (4)]
  1994 | D:2      | Succumbed to a goblin's curare-tipped dart

Illustrated notes

Levels and vault maps discovered:
D:1:      lightli_arrival_windingriver, layout_basic,
          chequers_ecumenical_altar_twisty
D:2:      layout_basic, serial_shops, nicolae_shop_competitors_out_of_business,
          basic_altar, minmay_misc_feat_square, uniq_robin

Skill      XL: |  1  2  3 |
---------------+----------+-----
Fighting       | 1 2 |  2.0
Spellcasting   | 2 |  2.0
Dodging        | |  1.8
Stealth        | |  1.5
Necromancy     | |  4.5
Evocations     | |  0.8

Action                   |  1- 3 |  4- 6 || total
-------------------------+-------+-------++-------
Melee: Staff             |    20 |       ||    20
       Unarmed           |     1 |       ||     1
 Cast: Necrotise         |    65 |       ||    65
  Use: Scroll            |     8 |       ||     8
       Potion            |     3 |     1 ||     4
Armor: Robe              |    13 |       ||    13
Dodge: Dodged            |    38 |     1 ||    39

Table legend: (Time is in decaauts)
 A = Elapsed time spent in this place.
 B = Non-inter-level travel time spent in this place.
 C = Inter-level travel time spent in this place.
 D = Time resting spent in this place.
 E = Time spent auto-exploring this place.
 F = Levels seen in this place.
 G = Mean time per level.
                   A        B        C        D        E       F      G
               +--------+--------+--------+--------+--------+-----+--------+
         Total |   2010 |   1919 |     91 |    300 |   1241 |   2 | 1005.0 |
       Dungeon |   2010 |   1919 |     91 |    300 |   1241 |   2 | 1005.0 |
               +--------+--------+--------+--------+--------+-----+--------+

Top non-repeatable levels by time:
     D:1: 1022 daAuts
     D:2: 988 daAuts
